 Dungeon Crawl Stone Soup version 0.22.0-16-gc6d26f6 (webtiles) character file.

50 sking99 the Insei (level 3, 0/24 HPs)
             Began as an Octopode Transmuter on Aug 17, 2018.
             Slain by an adder (1 damage)
             ... on level 2 of the Dungeon.
             The game lasted 00:01:47 (964 turns).

sking99 the Insei (Octopode Transmuter)              Turns: 964, Time: 00:01:48

Health: 0/24       AC:  2    Str:  9    XL:     3   Next: 79%
Magic:  2/6        EV: 20    Int: 15    God:
Gold:   70         SH:  0    Dex: 18    Spells: 0/6 levels left

rFire    . . .     SeeInvis .     - Unarmed
rCold    . . .     Gourm    .   (shield currently unavailable)
rNeg     . . .     Faith    .   (helmet currently unavailable)
rPois    x         Spirit   .   (no amulet)
rElec    .         Reflect  .   (no ring)
rCorr    .         Harm     .   (no ring)
MR       .....                  (no ring)
Stlth    ++........             (no ring)
HPRegen  0.08/turn              (no ring)
MPRegen  0.10/turn              (no ring)
                                (no ring)
                                (no ring)

@: spider-form
A: tiny, almost no armour, stealthy swim, (amphibious), 8 rings, (constrict 8)
a: End Transformation


You were on level 2 of the Dungeon.
You were hungry.
You were a venomous arachnid creature.
You visited 1 branch of the dungeon, and saw 2 of its levels.

You collected 70 gold pieces.

Inventory:

Missiles
 a - 36 arrows
Scrolls
 d - a scroll of blinking {unknown}
 e - a scroll of noise {unknown}
 f - 3 scrolls of identify {unknown}
 g - 4 scrolls of remove curse {unknown}
 h - a scroll of teleportation {unknown}
Potions
 i - a potion of degeneration {unknown}
Comestibles
 b - 3 chunks of flesh
 c - a ration


   Skills:
 - Level 2.0 Fighting
 - Level 2.0 Dodging
 + Level 3.5 Unarmed Combat
 - Level 2.0 Spellcasting
 + Level 2.7 Transmutations
 + Level 0.9 Poison Magic


You couldn't memorise any spells.
You knew the following spells:

 Your Spells              Type           Power        Failure   Level  Hunger
a - Beastly Appendage     Tmut           #.....       19%         1    #......
b - Sticks to Snakes      Tmut           #.......     26%         2    ###....
c - Spider Form           Tmut/Pois      #.........   52%         3    ###....

Your spell library contained the following spells:

 Spells                   Type           Power        Failure   Level  Hunger
 Blade Hands              Tmut           #.........   97%         5    ######.
 Ice Form                 Ice/Tmut       #.......     90%         4    #####..


Dungeon Overview and Level Annotations

Branches:
Dungeon (2/15)

Altars:

Annotations:
D:2 Robin


Innate Abilities, Weirdness & Mutations

You cannot wear most types of armour.
You are very stealthy in the water. (Stealth+)
((You are amphibious.))
You can wear up to eight rings at the same time.
((You can use your tentacles to constrict eight enemies at once.))
((Your skin changes colour to match your surroundings (Stealth+).))
((Your rubbery body absorbs attacks. (AC +1, EV +1)))


Message History

The adder is almost dead.
A hobgoblin comes into view.
A goblin comes into view. It is wielding a club.
The adder misses you.
You barely miss the adder.
The adder is almost dead.
Robin roars a battlecry!
The goblins go into a battle-frenzy!
The goblin hits you with a club. The adder completely misses you.
You closely miss the adder.
The adder is almost dead.
The adder completely misses you. Robin throws the goblin at you!
The goblin misses you. The goblin completely misses you.
You closely miss the adder.
The adder is almost dead.
The adder barely misses you. The goblin completely misses you.
The goblin hits you with a club!
* * * LOW HITPOINT WARNING * * *
The adder bites you.
You die...

# ##### .. ##?..## #.#
#.....#########.#
#.........)(....#
.####...^.###.......#
......g)g........##.#
#.####s#..##.##.##.####
#.#.####S#..##.##........
.......gg#..##.#####.####
##.)###..#..##)#####.....
#..)g#..##........###
#.#.##..#########.#
$..... ..# #.# #.#.#.#
#.# #. .#.. #.#


You could see Robin, an adder, 2 hobgoblins and 2 goblins.

Vanquished Creatures
  3 oozes (D:1)
  4 bats (D:1)
  4 giant cockroaches
  7 goblins
  5 hobgoblins
  2 frilled lizards
  6 kobolds
  3 rats
34 creatures vanquished.

Notes
Turn   | Place    | Note
-------+----------+-------------------------------------------
     0 | D:1      | sking99 the Octopode Transmuter began the quest for the Orb.
     0 | D:1      | Reached XP level 1. HP: 13/13 MP: 3/3
    19 | D:1      | Reached XP level 2. HP: 17/18 MP: 5/5
   179 | D:1      | Learned a level 2 spell: Sticks to Snakes
   374 | D:1      | Reached XP level 3. HP: 16/24 MP: 4/6
   488 | D:1      | Learned a level 3 spell: Spider Form
   950 | D:2      | Noticed Robin
   964 | D:2      | HP: 1/24 [goblin/club[Robin] (7)]
   964 | D:2      | Slain by an adder

Skill      XL: |  1  2  3 |
---------------+----------+-----
Fighting       | 2 |  2.0
Dodging        | |  2.0
Unarmed Combat | |  3.5
Spellcasting   | |  2.0
Transmutations | |  2.7
Poison Magic   | |  0.9

Action                   || total
-------------------------++-------
Melee: Unarmed           ||    82
       Constrict         ||    18
       Tentacles         ||    12
       Kick              ||     4
 Cast: Beastly Appendage ||     3
       Spider Form       ||     2
 Stab: Sleeping          ||     3
Armor: Skin              ||     8
Dodge: Dodged            ||    64
